 Dungeon Crawl Stone Soup version 0.30-a0-739-gea05faddec (webtiles) character file.

Game seed: 825846223652459380

138 BubbleThief the Poker (level 5, -1/41 HPs)
             Began as a Demonspawn Gladiator on Feb 5, 2023.
             Killed by nerve-wracking pain
             ... invoked by an orc priest
              (9 damage)
             ... on level 3 of the Dungeon.
             The game lasted 00:03:32 (2010 turns).

BubbleThief the Poker (Demonspawn Gladiator)        Turns: 2010, Time: 00:03:33

Health: -1/41      AC:  6    Str: 16    XL:     5   Next: 1%
Magic:  5/5        EV:  9    Int: 10    God:
Gold:   165        SH: 11    Dex: 14    Spells: 4/4 levels left

rFire   . . .      SeeInvis .    a - +0 trident
rCold   . . .      Faith    .    n - +0 kite shield
rNeg    . . .      Spirit   .    i - +0 ring mail
rPois   .          Reflect  .    c - +0 helmet
rElec   .          Harm     .    (no cloak)
rCorr   .          Rampage  .    (no gloves)
Will    .....                    (no boots)
Stlth   +                        (no amulet)
HPRegen 0.26/turn                (no ring)
MPRegen 0.09/turn                (no ring)

@: no status effects
A: condensation shield
a: no special abilities


You were on level 3 of the Dungeon.
You visited 1 branch of the dungeon, and saw 3 of its levels.

You collected 165 gold pieces.

Inventory:

Hand Weapons
 a - a +0 trident (weapon)
Missiles
 d - 3 throwing nets (quivered)
 e - a javelin
Armour
 b - a +0 leather armour
 c - a +0 helmet (worn)
 i - a +0 ring mail (worn)
 n - a +0 kite shield (worn)
Scrolls
 f - 2 scrolls of torment {unknown}
 g - 2 scrolls of enchant weapon {unknown}
 h - 2 scrolls of butterflies {unknown}
 j - 2 scrolls of identify {unknown}
 k - 2 scrolls of magic mapping {unknown}
 l - 2 scrolls of vulnerability {unknown}
 m - 2 scrolls of fear {unknown}
 o - a scroll of amnesia {unknown}
 q - a scroll of fog {unknown}
Potions
 p - a potion of ambrosia {unknown}
 r - a potion of flight {unknown}
 s - a potion of haste {unknown}


   Skills:
 + Level 3.1 Fighting
 + Level 3.5 Polearms
 + Level 2.7 Throwing
 + Level 3.4 Dodging


You had 4 spell levels left.
You didn't know any spells.
Your spell library contained the following spells:

 Spells                   Type           Power      Damage    Failure   Level
 Portal Projectile        Hex/Tloc       0%         N/A       100%        3
 Tukima's Dance           Hex            0%         N/A       100%        3
 Leda's Liquefaction      Hex/Erth       0%         N/A       100%        4
 Blade Hands              Tmut           0%         N/A       100%        5
 Lee's Rapid Deconstruct  Erth           0%         3d4*      100%        5
 Statue Form              Tmut/Erth      0%         N/A       100%        6


Dungeon Overview and Level Annotations

Branches:
Dungeon (3/15)

Altars:

Shops:
D:1 =


Innate Abilities, Weirdness & Mutations

A meltable shield of frost defends you. (SH +4)


Message History

You kill the bat!
No target in view!
No target in view!
You now have 165 gold pieces (gained 8).
An orc priest comes into view. It is wielding a +0 dagger.
The orc priest mumbles some strange prayers to Beogh against you.
Beogh smites you!
You hear a shout!
An orc priest is nearby!
A goblin comes into view. It is wielding a +0 dagger.
You hit the orc priest.
The orc priest is lightly wounded.
You block the orc priest's attack.
The orc priest invokes the aid of Beogh against you.
Pain shoots through your body!
You are too injured to fight recklessly!
You are too injured to fight recklessly!
You are too injured to fight recklessly!
You barely miss the orc priest.
The orc priest is lightly wounded.
You block the orc priest's attack.
You hit the orc priest but do no damage.
The orc priest is lightly wounded.
You block the orc priest's attack.
You hit the orc priest.
The orc priest is lightly wounded.
You block the orc priest's attack. x2
You closely miss the orc priest.
The orc priest is lightly wounded.
The orc priest closely misses you.
You hit the orc priest.
The orc priest is moderately wounded.
The orc priest mumbles some strange prayers to Beogh against you.
Beogh smites you!
* * * LOW HITPOINT WARNING * * *
You hit the orc priest.
The orc priest is heavily wounded.
The orc priest mumbles some strange prayers to Beogh against you.
Pain shoots through your body!
You die...

################
................
#.######..........####.
#...go@...#######[# #.
###.####.## #[# ##. #.#
#)###.. #.# #<.)(.. #.#
######. #.# #. #.# ## #
#.# #.#.
#####.###########


You could see an orc priest and a goblin.

Vanquished Creatures
  An orc wizard (D:3)
  3 gnolls (D:3)
  An adder (D:3)
  A worm (D:3)
  A dart slug (D:2)
  8 orcs (D:3)
  6 bats
  9 endoplasms
  A giant cockroach (D:3)
  4 goblins
  A hobgoblin (D:2)
  4 jackals (D:3)
  2 quokkas (D:2)
  4 ball pythons
  3 frilled lizards
  4 kobolds
  8 rats
61 creatures vanquished.

Notes
Turn   | Place    | Note
-------+----------+-------------------------------------------
     0 | D:1      | BubbleThief the Demonspawn Gladiator began the quest for
                  | the Orb.
     0 | D:1      | Reached XP level 1. HP: 16/16 MP: 1/1
   220 | D:1      | Gained mutation: A meltable shield of frost defends you.
                  | (SH +4) [demonic ancestry]
   220 | D:1      | Reached XP level 2. HP: 22/22 MP: 2/2
   288 | D:1      | Found Bul Qum's Jewellery Boutique.
   813 | D:2      | Reached XP level 3. HP: 26/28 MP: 3/3
  1145 | D:3      | Reached XP level 4. HP: 15/34 MP: 4/4
  1906 | D:3      | Reached XP level 5. HP: 34/41 MP: 5/5
  2010 | D:3      | Killed from afar by an orc priest

Illustrated notes

Levels and vault maps discovered:
D:1:      ncdulo_watergridlock, layout_basic, serial_shops, shop, st_stairs_6,
          grunt_decor_fettered, chequers_serial_rivers_micro_d,
          corexii_hall_statues_deadend
D:2:      layout_basic
D:3:      layout_loops_ring, elyvilon_altar_3

Skill      XL: |  1  2  3  4 |
---------------+-------------+-----
Throwing       | 2 |  2.7
Polearms       | 3 |  3.5
Dodging        | 3 |  3.4
Fighting       | 3 |  3.1

Action                     |  1- 3 |  4- 6 || total
---------------------------+-------+-------++-------
  Melee: Trident           |   110 |   101 ||   211
   Stab: Sleeping          |     1 |       ||     1
 Armour: Leather armour    |     3 |       ||     3
         Ring mail         |    19 |    23 ||    42
  Dodge: Dodged            |    33 |    30 ||    63
  Block: Kite shield       |    21 |    57 ||    78
         Other             |     3 |       ||     3

Table legend: (Time is in decaauts)
 A = Elapsed time spent in this place.
 B = Non-inter-level travel time spent in this place.
 C = Inter-level travel time spent in this place.
 D = Time resting spent in this place.
 E = Time spent auto-exploring this place.
 F = Levels seen in this place.
 G = Mean time per level.
                   A        B        C        D        E       F      G
               +--------+--------+--------+--------+--------+-----+--------+
         Total |   2073 |   1988 |     85 |    142 |   1320 |   3 |  691.0 |
       Dungeon |   2073 |   1988 |     85 |    142 |   1320 |   3 |  691.0 |
               +--------+--------+--------+--------+--------+-----+--------+

Top non-repeatable levels by time:
     D:3: 819 daAuts
     D:2: 642 daAuts
     D:1: 611 daAuts
